 Dungeon Crawl Stone Soup version 0.29.1-13-g9f3cf754e1 (webtiles) character file.

Game seed: 14221044111844599742

51 cdecastro the Changer (level 3, -8/28 HPs)
             Began as a Draconian Transmuter on Feb 4, 2023.
             Killed from afar by Jessica (19 damage)
             ... with a bolt of light
             ... on level 2 of the Dungeon.
             The game lasted 00:02:39 (1600 turns).

cdecastro the Changer (Draconian Transmuter)        Turns: 1600, Time: 00:02:40

Health: -8/28      AC:  5    Str: 12    XL:     3   Next: 58%
Magic:  6/6        EV: 12    Int: 15    God:
Gold:   64         SH:  0    Dex: 11    Spells: 3/6 levels left

rFire   . . .      SeeInvis .     - Unarmed
rCold   . . .      Faith    .   (no shield)
rNeg    . . .      Spirit   .   (body armour unavailable)
rPois   .          Reflect  .   (helmet restricted)
rElec   .          Harm     .   (no cloak)
rCorr   .          Rampage  .   (no gloves)
Will    .....                   (no boots)
Stlth   +.........              (no amulet)
HPRegen 0.09/turn               (no ring)
MPRegen 0.10/turn               (no ring)

@: confused
A: AC +5, unfitting armour, cold-blooded
a: no special abilities


You were on level 2 of the Dungeon.
You visited 1 branch of the dungeon, and saw 2 of its levels.

You collected 64 gold pieces.

Inventory:

Scrolls
 c - a scroll of identify {unknown}
 d - a scroll of vulnerability {unknown}
 f - a scroll of silence {unknown}
Potions
 a - a potion of lignification
 b - a potion of ambrosia {unknown}
 e - a potion of flight {unknown}


   Skills:
 - Level 1.1 Fighting
 - Level 1.7 Dodging
 - Level 3.0 Unarmed Combat
 - Level 2.0 Spellcasting
 + Level 4.0 Transmutations


You had 3 spell levels left.
You knew the following spells:

 Your Spells              Type           Power      Damage    Failure   Level
a - Beastly Appendage     Tmut           26%        N/A       4%          1
b - Wereblood             Tmut           13%        N/A       6%          2

Your spell library contained the following spells:

 Spells                   Type           Power      Damage    Failure   Level
 Passwall                 Tmut/Erth      5%         N/A       14%         2
 Sandblast                Erth           2%         2d4       22%         1
 Spider Form              Tmut/Pois      7%         N/A       28%         3
 Portal Projectile        Hex/Tloc       2%         N/A       54%         3
 Stone Arrow              Conj/Erth      2%         3d7       54%         3
 Tukima's Dance           Hex            1%         N/A       54%         3
 Ice Form                 Ice/Tmut       7%         N/A       67%         4
 Blade Hands              Tmut           6%         N/A       75%         5


Dungeon Overview and Level Annotations

Branches:
Dungeon (2/15)

Altars:

Shops:
D:2 *

Annotations:
D:2 Jessica


Innate Abilities, Weirdness & Mutations

Your plain brown scales are hard. (AC +5)
You cannot fit into any form of body armour.
You are cold-blooded and may be slowed by cold attacks.


Message History

You climb upwards.
There is a stone staircase leading down here.
You start resting.
HP restored.
You climb downwards.
Level annotation: Jessica Jessica points at you and mumbles some strange words.
Pain shoots through your body!
There is a stone staircase leading up here.
Unknown command.
The goblin shoots a sling bullet.
The sling bullet closely misses you.
You climb upwards.
There is a stone staircase leading down here.
You start resting.
HP restored.
You climb downwards.
Level annotation: Jessica The goblin shoots a sling bullet.
The sling bullet barely misses you.
There is a stone staircase leading up here.
Unknown command.
The goblin shoots a sling bullet.
The sling bullet barely misses you.
You climb upwards.
There is a stone staircase leading down here.
Memorise Wereblood, consuming 2 spell levels and leaving 3?
You start memorising the spell.
You continue memorising. x2
You finish memorising.
Spell assigned to 'b'.
Okay, then.
You climb downwards.
Level annotation: Jessica Jessica zaps a wand.
The bolt of light hits you!
Jessica mumbles something strange.
Jessica casts a spell at you. Pain shoots through your body!
* * * LOW HITPOINT WARNING * * *
The goblin shoots a sling bullet.
The sling bullet misses you.
There is a stone staircase leading up here.
Jessica zaps a wand.
The bolt of light hits you!!
You are confused.
Ouch! That really hurt!
You die...

.....##..........÷......
..##....g.#.............
#######...#.............
...........>............
.........#....#######...
...÷.....#.#.......# ..
#####.##.#.......#.# # .
.# #.#....#..g..#.#.# .#
#.#..#.#....@....# .#
#.#..#.#.@....<#.# .#
#.#..#.#.....#.# .# #.#.
#.#.....#.# .# #.#
#.#.....#.#
.####.####.#.....#.#
.................#.#
.####......#######.#
..................


You could see Jessica and a goblin.

Vanquished Creatures
  3 adders (D:2)
  3 ball pythons (D:1)
  2 bats (D:1)
  2 endoplasms
  2 giant cockroaches (D:1)
  4 goblins
  A hobgoblin (D:2)
  2 kobolds
  A quokka (D:2)
  3 frilled lizards (D:2)
  A rat (D:2)
24 creatures vanquished.

Notes
Turn   | Place    | Note
-------+----------+-------------------------------------------
     0 | D:1      | cdecastro the Draconian Transmuter began the quest for the
                  | Orb.
     0 | D:1      | Reached XP level 1. HP: 16/16 MP: 3/3
   475 | D:1      | Reached XP level 2. HP: 23/23 MP: 3/5
   795 | D:2      | Reached skill level 3 in Transmutations
   868 | D:2      | Found Aciummex's Assorted Antiques.
   882 | D:2      | Reached XP level 3. HP: 4/28 MP: 4/6
   917 | D:2      | Reached skill level 4 in Transmutations
  1221 | D:2      | Noticed Jessica
  1598 | D:1      | Learned a level 2 spell: Wereblood
  1600 | D:2      | Killed from afar by Jessica

Illustrated notes

Levels and vault maps discovered:
D:1:      lemuel_arrival_tunnels, layout_basic
D:2:      layout_basic, serial_shops, shop, uniq_jessica

Skill      XL: |  1  2  3 |
---------------+----------+-----
Transmutations | 3 4 |  4.0
Fighting       | |  1.1
Dodging        | |  1.7
Unarmed Combat | |  3.0
Spellcasting   | |  2.0

Action                   || total
-------------------------++-------
Melee: Unarmed           ||    75
       Kick              ||    15
       Headbutt          ||     7
       Tailslap          ||     6
 Cast: Beastly Appendage ||    12
Armor: Skin              ||    42
Dodge: Dodged            ||    97
